 Dungeon Crawl Stone Soup version 0.29.0-7-g18a832c13a (webtiles) character file.

Game seed: 3776446795140830940

350 SnakkuSnakku7 the Ruffian (level 6, -6/59 HPs)
             Began as a Troll Cinder Acolyte on Aug 31, 2022.
             Was a High Priest of Ignis.
             Succumbed to a water moccasin's poison
             ... on level 5 of the Dungeon.
             The game lasted 00:02:52 (2583 turns).

SnakkuSnakku7 the Ruffian (Troll Cinder Acolyte)    Turns: 2583, Time: 00:02:53

Health: -6/59      AC:  4    Str: 23    XL:     6   Next: 33%
Magic:  6/6        EV:  9    Int: 10    God:    Ignis [*****.]
Gold:   198        SH:  0    Dex:  7    Spells: 7/7 levels left

rFire   + + .      SeeInvis .     - Unarmed
rCold   + . .      Faith    .   (no shield)
rNeg    . . .      Spirit   .   a - +0 robe
rPois   +          Reflect  .   (helmet restricted)
rElec   +          Harm     .   (no cloak)
rCorr   +          Rampage  .   (gloves unavailable)
Will    .....                   (boots unavailable)
Stlth   +.........              b - amulet of magic regeneration
HPRegen 0.99/turn               t - +4 ring of slaying
MPRegen 0.50/turn               (no ring)

@: lethally poisoned (-6 -> -34), resistant
A: large, unfitting armour, claws 3, regeneration 1, shaggy fur 1, tough skin 1
a: Renounce Religion, Fiery Armour, Foxfire Swarm, Rising Flame


You were on level 5 of the Dungeon.
You worshipped Ignis.
Ignis was extremely pleased with you.
You visited 1 branch of the dungeon, and saw 5 of its levels.

You collected 198 gold pieces.

Inventory:

Missiles
 n - 2 throwing nets (quivered)
Armour
 a - a +0 robe (worn)
Jewellery
 b - an amulet of magic regeneration (around neck)
 t - a +4 ring of slaying (left claw)
Scrolls
 d - 2 scrolls of fear {unknown}
 f - 3 scrolls of teleportation {unknown}
 j - 4 scrolls of identify {unknown}
 l - a scroll of immolation {unknown}
 m - 2 scrolls of blinking {unknown}
 o - a scroll of enchant weapon {unknown}
 p - a scroll of amnesia {unknown}
 q - a scroll of magic mapping {unknown}
 r - a scroll of butterflies {unknown}
 u - a scroll of enchant armour {unknown}
Potions
 c - a potion of berserk rage {unknown}
 e - a potion of ambrosia {unknown}
 g - a potion of resistance
 h - a potion of might {unknown}
 i - 2 potions of lignification {unknown}
 k - a potion of heal wounds {unknown}
 s - a potion of magic {unknown}


   Skills:
 - Level 2.4 Fighting
 + Level 7.2 Unarmed Combat
 - Level 1.0 Spellcasting
 - Level 2.1 Fire Magic


You had 7 spell levels left.
You didn't know any spells.
Your spell library contained the following spells:

 Spells                   Type           Power      Damage    Failure   Level
 Scorch                   Fire           8%         2d5       22%         2
 Poisonous Vapours        Pois/Air       0%         N/A       45%         2
 Corpse Rot               Necr/Pois/Air  0%         N/A       98%         4


Dungeon Overview and Level Annotations

Branches:
Dungeon (5/15)
 Temple: D:4-7

Altars:
Gozag
The Shining One


Innate Abilities, Weirdness & Mutations

You are too large for most types of armour.
You have claws for hands.
Your natural rate of healing is unusually fast.
You are covered in fur. (AC +1)
You have tough skin. (AC +1)


Message History

You miss the water moccasin.
You feel very sick. The water moccasin bites you.
You mangle the water moccasin!!
The water moccasin is severely wounded.
You feel very sick. The water moccasin closely misses you.
You closely miss the water moccasin.
The water moccasin is severely wounded.
You feel very sick. The water moccasin barely misses you.
The water moccasin misses you.
You are too injured to fight recklessly!
You are too injured to fight recklessly!
You closely miss the water moccasin.
The water moccasin is severely wounded.
You feel very sick. The water moccasin closely misses you.
You miss the water moccasin.
The water moccasin is severely wounded.
You feel sick. The water moccasin bites you.
You are more poisoned.
The water moccasin poisons you!
Unknown command.
You closely miss the water moccasin.
The water moccasin is severely wounded.
You feel very sick. The water moccasin bites you!
* * * LOW HITPOINT WARNING * * *
You are lethally poisoned!
The water moccasin poisons you!
The water moccasin attacks as you move away!
The water moccasin bites you.
* * * LOW HITPOINT WARNING * * *
You are more poisoned.
The water moccasin poisons you!
* * * LOW HITPOINT WARNING * * *
You feel extremely sick.
It was a potion of resistance.
You feel protected.
You die...

##.#.r. .......
#..... #...^S #.....
#..... . #...#######
.##. #......S@.# ...
##.######.##.## #
#........#...#..
##.#####.........
#.......#......##
##.####.#..###.#####
#.#..# .....#
#.##.###.# #.#
#.##.....# #.#


You could see a water moccasin.

Vanquished Creatures
  A black bear (D:4)
  An ogre (D:4)
  A howler monkey (D:4)
  An iguana (D:5)
  An orc wizard (D:4)
  3 adders
  A worm (D:2)
  8 orcs
  4 endoplasms
  5 giant cockroaches
  3 goblins
  3 hobgoblins
  2 jackals (D:4)
  4 quokkas
  6 ball pythons
  3 bats
  A frilled lizard (D:1)
  5 kobolds
  4 rats
57 creatures vanquished.

Vanquished Creatures (others)
  A fungus (D:1)
1 creature vanquished.

Grand Total: 58 creatures vanquished

Notes
Turn   | Place    | Note
-------+----------+-------------------------------------------
     0 | D:1      | SnakkuSnakku7 the Troll Cinder Acolyte began the quest for
                  | the Orb.
     0 | D:1      | Reached XP level 1. HP: 22/22 MP: 1/1
   177 | D:1      | Reached XP level 2. HP: 29/29 MP: 2/2
   841 | D:2      | Reached skill level 4 in Unarmed Combat
  1272 | D:3      | Reached XP level 3. HP: 36/36 MP: 3/3
  1549 | D:3      | Found a faded altar of an unknown god.
  2058 | D:4      | Reached XP level 4. HP: 28/44 MP: 4/4
  2059 | D:4      | Reached skill level 5 in Unarmed Combat
  2110 | D:4      | Found an opulent altar of Gozag.
  2238 | D:4      | Noticed an ogre
  2247 | D:4      | Killed an ogre
  2248 | D:4      | Reached skill level 6 in Unarmed Combat
  2248 | D:4      | Reached XP level 5. HP: 50/50 MP: 5/5
  2331 | D:4      | Noticed a black bear
  2351 | D:4      | Killed a black bear
  2352 | D:4      | Reached skill level 7 in Unarmed Combat
  2352 | D:4      | Reached XP level 6. HP: 49/59 MP: 6/6
  2374 | D:4      | Found a glowing golden altar of the Shining One.
  2498 | D:5      | Entered Level 5 of the Dungeon
  2558 | D:5      | Noticed a water moccasin
  2582 | D:5      | HP: 1/59 [poisoned by a water moccasin]
  2583 | D:5      | Succumbed to a water moccasin's poison

Illustrated notes

Levels and vault maps discovered:
D:1:      scummos_arrival_checkerplants, layout_loops_cross, minivault_27,
          minmay_ruptured
D:2:      layout_loops_cross
D:3:      layout_basic, shapermc_ecumenical_altar_totnotflames,
          kennysheep_another_room, chequers_serial_rivers_large_b
D:4:      layout_rooms, lemuel_tele_altar, mainiacjoe_overflow_alcove_1
D:5:      layout_loops_ring, lightli_temple_of_fire

Skill      XL: |  1  2  3  4  5 |
---------------+----------------+-----
Unarmed Combat | 4 6 7 |  7.2
Fighting       | |  2.4
Spellcasting   | |  1.0
Fire Magic     | |  2.1

Action                   |  1- 3 |  4- 6 || total
-------------------------+-------+-------++-------
Melee: Unarmed           |   100 |    48 ||   148
       Punch             |     2 |     3 ||     5
Throw: Throwing net      |       |     1 ||     1
  Use: Potion            |       |     1 ||     1
Armor: Robe              |    50 |    14 ||    64
Dodge: Dodged            |    56 |    18 ||    74
